 Dungeon Crawl Stone Soup version 0.26-a0-812-g31a745ddcd (webtiles) character file.

Game seed: 16929182986335832595

38781 Arthanis the Severer (level 14, -15/141 HPs)
             Began as a Gargoyle Berserker on Nov 24, 2020.
             Was a High Priest of Trog.
             Killed from afar by Jorgrun (46 damage)
             ... with an iron shot
             ... on level 14 of the Dungeon.
             The game lasted 00:19:01 (13491 turns).

Arthanis the Severer (Gargoyle Berserker)          Turns: 13491, Time: 00:19:02

Health: -15/141    AC: 31    Str: 22    XL:     14   Next: 3%
Magic:  14/14      EV:  7    Int: 14    God:    Trog [*****.]
Gold:   628        SH: 15    Dex: 19    Spells: 13/13 levels left

rFire    + + .     SeeInvis .   R - +6 broad axe of Execution {vorpal, +Rage rF+ MR+}
rCold    + . .     Faith    .   U - +0 kite shield
rNeg     + . .     Spirit   .   l - +1 plate armour {rC+}
rPois    ∞         Reflect  +   m - +1 helmet "Kilubbuf" {rF+ Int+2}
rElec    +         Harm     .   k - +1 cloak "Xaumip" {-Cast Dex+4}
rCorr    .         Rampage  .   F - +0 pair of gloves
MR       ++++.     NoCast   +   (no boots)
Stlth    ..........             V - amulet of reflection
HPRegen  1.33/turn              i - +6 ring of dexterity
MPRegen  0.14/turn              (no ring)

@: berserking (expiring), regenerating, very quick
A: big wings, negative energy resistance 1, electricity resistance, unbreathing,
petrification resistance, rot immunity, AC +10
a: Fly, Berserk, Trog's Hand, Brothers in Arms, Renounce Religion, Evoke Berserk
Rage


You were on level 14 of the Dungeon.
You worshipped Trog.
Trog was extremely pleased with you.
You visited 1 branch of the dungeon, and saw 14 of its levels.
You also visited: Gauntlet.

You collected 837 gold pieces.
You spent 209 gold pieces at shops.

Inventory:

Hand Weapons
 d - a +4 vorpal broad axe
 p - a +4 spear of freezing
 N - a +0 vorpal trident
 R - the +6 broad axe of Execution (weapon) {vorpal, +Rage rF+ MR+}
   (You took it off an orc on level 13 of the Dungeon)

   It inflicts extra damage upon your enemies.
   It protects you from fire.
   It affects your resistance to hostile enchantments.
   It lets you go berserk.
 Y - a +2 executioner's axe of flaming
Missiles
 E - 6 throwing nets (quivered)
Armour
 k - the +1 cloak "Xaumip" (worn) {-Cast Dex+4}
   (You found it in a Gauntlet)

   It affects your dexterity (+4).
   It prevents spellcasting.
 l - a +1 plate armour of cold resistance (worn)
 m - the +1 helmet "Kilubbuf" (worn) {rF+ Int+2}
   (You found it on level 12 of the Dungeon)

   It affects your intelligence (+2).
   It protects you from fire.
 F - a +0 pair of gloves (worn)
 U - a +0 kite shield (worn)
Jewellery
 i - a +6 ring of dexterity (left hand)
 t - an uncursed ring of fire
 J - an uncursed ring of protection from cold
 V - an amulet of reflection (around neck)
Wands
 w - a wand of disintegration (15)
 x - a wand of flame (26)
 C - a wand of enslavement (11)
 M - a wand of acid (14)
 P - a wand of paralysis (11)
 Q - a wand of random effects (40)
 X - a wand of polymorph (11)
Scrolls
 b - a scroll of fog
 c - 5 scrolls of blinking
 f - 12 scrolls of remove curse
 j - a scroll of vulnerability
 n - 10 scrolls of teleportation
 q - a scroll of torment {unknown}
 u - 2 scrolls of fear
 y - 2 scrolls of magic mapping
 B - 4 scrolls of enchant weapon
 G - 3 scrolls of immolation
 L - a scroll of enchant armour
 W - a scroll of holy word {unknown}
 Z - a scroll of summoning
Potions
 a - 2 potions of resistance {unknown}
 e - 2 potions of haste {unknown}
 g - 4 potions of curing
 h - 3 potions of berserk rage {unknown}
 o - 6 potions of lignification
 r - a potion of might {unknown}
 s - a potion of attraction {unknown}
 v - a potion of heal wounds {unknown}
 z - 3 potions of cancellation {unknown}
 A - a potion of magic {unknown}
 D - a potion of mutation {unknown}
 H - 4 potions of degeneration
 I - 6 potions of flight {unknown}
 O - a potion of brilliance {unknown}
 T - a potion of invisibility {unknown}
Miscellaneous
 S - a lightning rod (4/4)


   Skills:
 + Level 13.3 Fighting
 * Level 15.3 Axes
 + Level 9.0 Armour
 + Level 3.6 Dodging
 - Level 4.0 Shields
 + Level 5.3 Evocations


You had 13 spell levels left.
You didn't know any spells.
Your spell library contained the following spells:

 Spells                   Type           Power        Failure   Level
 Animate Skeleton         Necr           #.....       100%        1
 Apportation              Tloc           #.....       100%        1
 Corona                   Hex            #......      100%        1
 Magic Dart               Conj           #...         100%        1
 Summon Small Mammal      Summ           #...         100%        1
 Blink                    Tloc           N/A          100%        2
 Call Imp                 Summ           #.......     100%        2
 Corpse Rot               Necr/Air       N/A          100%        2
 Slow                     Hex            #.......     100%        2
 Confusing Touch          Hex            #.......     100%        3
 Conjure Flame            Conj/Fire      #.......     100%        3
 Gell's Gravitas          Tloc           #.........   100%        3
 Mephitic Cloud           Conj/Pois/Air  #.......     100%        3
 Stone Arrow              Conj/Erth      #.....       100%        3
 Petrify                  Tmut/Erth      #.......     100%        4
 Metabolic Englaciation   Hex/Ice        #.........   100%        5
 Summon Forest            Summ/Tloc      #.........   100%        5
 Yara's Violent Unravell  Hex/Tmut       #.........   100%        5
 Eringya's Noxious Bog    Tmut/Pois      #.........   100%        6
 Hydra Form               Tmut           #.........   100%        6
 Summon Hydra             Summ           #.........   100%        7


Dungeon Overview and Level Annotations

Branches:
Dungeon (14/15)            Temple (0/1) D:5            Lair (0/6) D:9
    Orc (0/2) D:12         Vaults (0/5) D:13        Gauntlet (visited)

Altars:
Elyvilon
Kikubaaqudgha
Okawaru
Vehumet

Shops:
D:6 *   D:11 }

Annotations:
D:14 Jorgrun


Innate Abilities, Weirdness & Mutations

You are resistant to torment.
Your stone body is resilient. (AC +10)
You are immune to poison.
Your large and strong wings let you fly indefinitely.
You resist negative energy. (rN+)
You are resistant to electric shocks. (rElec)
You can survive without breathing.
You are immune to petrification.
You are immune to rotting.


Message History

You hit Jorgrun.
Jorgrun is almost dead.
Your ogre barely misses Jorgrun.
You block the red devil's attack.
Your plate armour prevents you from hitting Jorgrun.
Jorgrun is almost dead.
You block Jorgrun's attack. The red devil completely misses you.
Your ogre misses Jorgrun. You closely miss Jorgrun.
Jorgrun is almost dead.
The red devil hits you but does no damage.
Jorgrun barely misses you. You block the red devil's attack.
You closely miss Jorgrun.
Jorgrun is almost dead.
Your ogre closely misses Jorgrun.
You barely miss Jorgrun.
Jorgrun is almost dead.
The red devil hits you but does no damage.
Jorgrun points at you and mumbles some strange words.
The iron shot hits you!!!
You die...

##### #... #§§≈ #§§ #
#.§ .## .# #.###...###
... ##444)4$.... ##.###
#.g###4..###
#....#####+@O.##.##
####...........≈..# #
#..............≈≈.#.#§
#.##..................
###(.(..............####
.....#.(............#
.....#..............#
.....#####..........#
.....# #..........#


You could see Jorgrun, 2 red devils and a friendly ogre (summoned, berserk).

Vanquished Creatures
  A tengu reaver (D:12)
  A storm dragon (D:12)
  A vampire knight (D:12)
  A green death (Gauntlet)
  Snorg (D:12)
  A minotaur (Gauntlet)
  An ettin (D:12)
  A yaktaur captain (D:12)
  Harold (D:8)
  A boulder beetle (D:11)
  4 vault guards (D:13)
  3 centaur warriors
  A two-headed ogre (D:13)
  Erica (D:11)
  A tengu warrior (D:12)
  Sonja (D:13)
  A sea snake (shapeshifter) (D:14)
  Pikel (D:8)
  2 wizards (D:13)
  An orc knight (D:13)
  An ugly thing (D:11)
  2 deep elf magi
  A mana viper (shapeshifter) (D:12)
  A cyclops (D:14)
  3 manticores
  A centaur zombie (D:10)
  2 gargoyles (D:13)
  An orange demon (Gauntlet)
  A yaktaur (D:13)
  An ice devil (Gauntlet)
  A komodo dragon (D:9)
  A red devil (D:14)
  5 trolls
  A raiju (Gauntlet)
  11 slime creatures
  2 shadows
  A wraith (D:13)
  10 yaks
  4 wyverns
  Grum (D:9)
  3 vampires (D:13)
  A human (D:13)
  3 basilisks
  A steam dragon (Gauntlet)
  2 acid dragons
  Edmund (D:4)
  A soldier ant (D:14)
  Duvessa (D:4)
  7 orc warriors
  2 hornet zombies
  2 ice beasts
  4 sky beasts
  A necrophage (D:7)
  3 ogres
  2 phantoms
  9 centaurs
  3 wolves (D:9)
  3 lemures (D:8)
  2 big kobolds
  7 bullfrogs
  2 wyvern zombies
  6 scorpions
  Dowan (D:4)
  6 killer bees
  2 vampire bats (D:7)
  13 wights
  5 howler monkeys (D:8)
  3 quasits
  2 centaur skeletons
  4 hounds
  5 orc priests
  A jelly (D:11)
  A bullfrog skeleton (D:12)
  2 iguanas
  17 orc wizards
  12 worker ants
  2 killer bee zombies
  A hound zombie (D:8)
  A howler monkey zombie (D:7)
  7 gnolls (D:5)
  21 adders
  A shadow imp (D:5)
  4 white imps
  2 ufetubi (D:5)
  An ooze (D:5)
  An adder zombie (D:5)
  4 worms
  5 leopard geckos
  38 orcs
  3 ball pythons
  5 bats
  5 bat skeletons (D:7)
  7 giant cockroaches
  6 goblins
  5 hobgoblins
  8 jackals
  4 quokkas
  6 frilled lizards
  A jackal skeleton (D:4)
  9 kobolds
  A leopard gecko skeleton (D:4)
  A quokka skeleton (D:4)
  4 rats
370 creatures vanquished.

Vanquished Creatures (others)
  2 kobolds
  15 demonic plants (Gauntlet)
  5 plants (D:9)
22 creatures vanquished.

Grand Total: 392 creatures vanquished

Notes
Turn   | Place    | Note
-------+----------+-------------------------------------------
     0 | D:1      | Arthanis the Gargoyle Berserker began the quest for the
                  | Orb.
     0 | D:1      | Reached XP level 1. HP: 14/14 MP: 1/1
   252 | D:1      | Reached XP level 2. HP: 14/19 MP: 2/2
   344 | D:1      | Reached skill level 3 in Axes
   826 | D:2      | Reached XP level 3. HP: 18/23 MP: 3/3
   910 | D:2      | Reached ** piety under Trog
  1093 | D:2      | Reached XP level 4. HP: 28/29 MP: 4/4
  1525 | D:3      | Noticed an ogre
  1532 | D:3      | Killed an ogre
  1532 | D:3      | Reached skill level 4 in Axes
  1532 | D:3      | Reached XP level 5. HP: 33/33 MP: 5/5
  1705 | D:3      | Reached XP level 6. HP: 27/39 MP: 6/6
  2245 | D:4      | Reached skill level 5 in Axes
  2546 | D:4      | Reached skill level 5 in Fighting
  2546 | D:4      | Reached XP level 7. HP: 41/44 MP: 7/7
  2577 | D:4      | Found an iron altar of Okawaru.
  2584 | D:4      | Noticed Duvessa
  2585 | D:4      | Noticed Dowan
  2591 | D:4      | Killed Dowan
  2591 | D:4      | Reached skill level 1 in Shields
  2598 | D:4      | Killed Duvessa
  2846 | D:4      | Noticed Edmund
  2856 | D:4      | Killed Edmund
  3198 | D:5      | Entered Level 5 of the Dungeon
  3424 | D:5      | Found a staircase to the Ecumenical Temple.
  3496 | D:5      | Reached *** piety under Trog
  3496 | D:5      | Reached skill level 6 in Axes
  3496 | D:5      | Reached XP level 8. HP: 50/50 MP: 8/8
  3650 | D:5      | Found a white marble altar of Elyvilon.
  3667 | D:5      | Reached skill level 5 in Armour
  4657 | D:6      | Found Xionobieh's Assorted Antiques.
  4660 | D:6      | Bought a scroll labelled NEUMIELIYDD for 31 gold pieces
  4660 | D:6      | Bought a scroll labelled BOM ZIDDOELOTT for 31 gold pieces
  4660 | D:6      | Bought a scroll labelled BOM ZIDDOELOTT for 31 gold pieces
  4660 | D:6      | Bought a scroll labelled NEUMIELIYDD for 31 gold pieces
  4660 | D:6      | Bought a scroll labelled HOUCZE GELUKHLI for 31 gold pieces
  4660 | D:6      | Bought a sapphire potion for 27 gold pieces
  4660 | D:6      | Bought a glowing dark potion for 27 gold pieces
  5173 | D:7      | Reached skill level 7 in Axes
  5261 | D:7      | Reached XP level 9. HP: 55/56 MP: 9/9
  5673 | D:7      | Reached **** piety under Trog
  5920 | D:7      | Reached skill level 8 in Axes
  5977 | D:7      | Found an ancient bone altar of Kikubaaqudgha.
  6181 | D:8      | Noticed Harold
  6195 | D:8      | Killed Harold
  6220 | D:8      | Noticed Pikel
  6229 | D:8      | Reached skill level 9 in Axes
  6231 | D:8      | Reached XP level 10. HP: 5/64 MP: 0/10
  6231 | D:8      | HP: 1/64 [lemure[Pikel] (4)]
  6236 | D:8      | HP: 4/96 [Pikel/+1 whip of freezing (2)]
  6249 | D:8      | Killed Pikel
  6631 | D:8      | Found a radiant altar of Vehumet.
  7216 | D:9      | Noticed Grum
  7226 | D:9      | Killed Grum
  7229 | D:9      | Reached skill level 1 in Evocations
  7232 | D:9      | Reached skill level 10 in Axes
  7827 | D:9      | Found a staircase to the Lair.
  7995 | D:10     | Entered Level 10 of the Dungeon
  8227 | D:10     | Reached ***** piety under Trog
  8229 | D:10     | Reached XP level 11. HP: 71/71 MP: 11/11
  8782 | D:11     | Noticed Erica
  8811 | D:11     | Killed Erica
  8811 | D:11     | Reached skill level 11 in Axes
  8855 | D:11     | Received a gift from Trog
  8887 | D:11     | Noticed a white ugly thing
  8895 | D:11     | Killed a white ugly thing
  8917 | D:11     | Found a gate leading to a gauntlet.
  8923 | Gauntlet | Entered a Gauntlet
  8923 | Gauntlet | Found a transporter.
  8923 | Gauntlet | Found a transporter.
  8923 | Gauntlet | Found a transporter.
  8951 | Gauntlet | Found a transporter.
  9009 | Gauntlet | Found a transporter.
  9009 | Gauntlet | Found a transporter.
  9030 | Gauntlet | Noticed a green death
  9033 | Gauntlet | Noticed a soul eater
  9113 | Gauntlet | Found a transporter.
  9123 | Gauntlet | Killed a green death
  9123 | Gauntlet | Reached skill level 10 in Fighting
  9144 | Gauntlet | Got a distressingly furry cloak
  9145 | Gauntlet | Identified the +1 cloak "Xaumip" {-Cast Dex+4} (You found
                  | it in a Gauntlet)
  9145 | Gauntlet | Identified the amulet of Velides {RegenMP rF- Dex+4 SInv}
  9153 | Gauntlet | Found a transporter.
  9178 | Gauntlet | Noticed a minotaur
  9184 | Gauntlet | Killed a minotaur
  9187 | Gauntlet | Got a pair of crude gloves
  9314 | D:11     | Found Ilaquch's Gadget Emporium.
  9350 | D:11     | Reached skill level 12 in Axes
  9769 | D:11     | Identified the -2 pair of gloves of Burnt Surprise {rElec}
                  | (You found it in a Gauntlet)
 10089 | D:11     | Noticed a boulder beetle
 10108 | D:11     | Killed a boulder beetle
 10108 | D:11     | Reached XP level 12. HP: 38/79 MP: 12/12
 10418 | D:12     | Got a fine helmet
 10429 | D:12     | Identified the +1 helmet "Kilubbuf" {rF+ Int+2} (You found
                  | it on level 12 of the Dungeon)
 10609 | D:12     | Noticed a centaur warrior
 10617 | D:12     | Killed a centaur warrior
 10662 | D:12     | Noticed a vampire knight
 10671 | D:12     | Killed a vampire knight
 10671 | D:12     | Reached skill level 13 in Axes
 10729 | D:12     | Noticed a storm dragon
 10742 | D:12     | Killed a storm dragon
 10779 | D:12     | Noticed a shock serpent
 10779 | D:12     | a shock serpent changed into a mana viper
 10819 | D:12     | Noticed a tengu warrior
 10829 | D:12     | Killed a tengu warrior
 10833 | D:12     | Noticed an ettin
 10843 | D:12     | Killed an ettin
 10996 | D:12     | Found a radiant altar of Vehumet.
 11020 | D:12     | Noticed Snorg
 11037 | D:12     | Killed Snorg
 11090 | D:12     | Found a staircase to the Orcish Mines.
 11374 | D:12     | Reached skill level 14 in Axes
 11568 | D:12     | Noticed a centaur warrior
 11584 | D:12     | Killed a centaur warrior
 11584 | D:12     | Reached XP level 13. HP: 85/87 MP: 13/13
 11590 | D:12     | Noticed a yaktaur captain
 11599 | D:12     | Killed a yaktaur captain
 11751 | D:12     | Noticed a tengu reaver
 11770 | D:12     | Killed a tengu reaver
 12014 | D:13     | Noticed Sonja
 12019 | D:13     | Killed Sonja
 12318 | D:13     | Identified the +6 broad axe of Execution {vorpal, +Rage rF+
                  | MR+}
 12344 | D:13     | Received a gift from Trog
 12386 | D:13     | Noticed a vault guard
 12389 | D:13     | Noticed a vault guard
 12397 | D:13     | Killed a vault guard
 12397 | D:13     | Reached skill level 15 in Axes
 12454 | D:13     | Killed a vault guard
 12516 | D:13     | Found a gate to the Vaults.
 12516 | D:13     | Noticed a vault guard
 12516 | D:13     | Noticed a vault guard
 12524 | D:13     | Killed a vault guard
 12530 | D:13     | Killed a vault guard
 12836 | D:13     | Reached skill level 5 in Evocations
 13324 | D:14     | Gained mutation: Your large and strong wings let you fly
                  | indefinitely. [Gargoyle growth]
 13324 | D:14     | Reached XP level 14. HP: 84/94 MP: 14/14
 13466 | D:14     | Noticed Jorgrun
 13491 | D:14     | Killed from afar by Jorgrun

Illustrated notes

Levels and vault maps discovered:
D:1:      scummos_arrival_star, layout_basic, minivault_23, minmay_lizard_pond
D:2:      layout_rooms
D:3:      layout_loops_ring
D:4:      layout_basic, okawaru_metal_pillars_1_2, kennysheep_big_empty_room,
          uniq_duvessa, uniq_edmund
D:5:      layout_layer_cave, elyvilon_altar_5, minmay_temple_entry_purple_smoke
D:6:      layout_loops_ring, serial_shops, kennysheep_mini_moat
D:7:      layout_basic, kennysheep_vampire_church, minivault_24,
          mrwooster_statue_mirror, minmay_circle_x
D:8:      layout_loops_cross, nicolae_overflow_hidden_temple, uniq_pikel,
          uniq_harold
D:9:      layout_loops_ring, david_lair_shrubbed, uniq_grum
D:10:     kennysheep_spiral_hall, layout_layer_cave, kennysheep_windowed_goal
D:11:     layout_loops_corners, serial_shops, shop_fountains,
          gauntlet_entry_generic, uniq_erica
D:12:     minmay_box_of_curves, layout_long_grid, orc_0_dummy, basic_altar,
          uniq_snorg
D:13:     layout_roguey, grunt_vaults_entry_fortified, minmay_strange_pillars,
          minmay_misc_feat_pillars, uniq_sonja
D:14:     layout_basic, einodemon_armed_red_devil_minivault, uniq_jorgrun

Skill      XL: |  1  2  3  4  5  6  7  8  9 10 11 12 13 14 |
---------------+-------------------------------------------+-----
Axes           | 3 4 5 6 7 9 10 12 14 15 | 15.3
Dodging        | 2 3 |  3.6
Fighting       | 4 5 6 7 9 10 12 13 | 13.3
Armour         | 3 4 5 7 8 9 |  9.0
Shields        | 2 4 |  4.0
Evocations     | 2 4 5 |  5.3

Action                   |  1- 3 |  4- 6 |  7- 9 | 10-12 | 13-15 || total
-------------------------+-------+-------+-------+-------+-------++-------
Melee: Hand axe          |   101 |    52 |       |       |       ||   153
       War axe           |       |    77 |   366 |   325 |       ||   768
       Broad axe         |       |       |       |   314 |   255 ||   569
Invok: Berserk           |     1 |     2 |     6 |    18 |     8 ||    35
       Trog's Hand       |       |       |     2 |     6 |     1 ||     9
       Brothers in Arms  |       |       |       |       |     1 ||     1
  Use: Potion            |       |       |       |     3 |       ||     3
       Scroll            |       |       |       |    19 |     3 ||    22
 Stab: Distracted        |       |       |       |       |     1 ||     1
Armor: Animal skin       |    34 |    10 |       |       |       ||    44
       Plate armour      |       |    66 |   368 |   409 |   145 ||   988
       Skin              |       |       |       |    28 |       ||    28
Dodge: Dodged            |    78 |    49 |   176 |   163 |    45 ||   511
Block: Buckler           |       |     2 |   113 |    69 |       ||   184
       Kite shield       |       |       |       |   184 |   190 ||   374
       Reflection        |       |       |       |    11 |    19 ||    30

Table legend: (Time is in decaauts)
 A = Elapsed time spent in this place.
 B = Non-inter-level travel time spent in this place.
 C = Inter-level travel time spent in this place.
 D = Time resting spent in this place.
 E = Time spent auto-exploring this place.
 F = Levels seen in this place.
 G = Mean time per level.
                   A        B        C        D        E       F      G
               +--------+--------+--------+--------+--------+-----+--------+
         Total |  13913 |  13588 |    325 |    162 |  10406 |  15 |  927.5 |
       Dungeon |  13596 |  13271 |    325 |     53 |  10406 |  14 |  971.1 |
      Gauntlet |    316 |    316 |      0 |    109 |      0 |   1 |  316.0 |
               +--------+--------+--------+--------+--------+-----+--------+

Top non-repeatable levels by time:
    D:12: 1715 daAuts
    D:11: 1378 daAuts
     D:7: 1182 daAuts
     D:8: 1103 daAuts
    D:13: 1058 daAuts
     D:4: 1009 daAuts
     D:5: 986 daAuts
     D:9: 845 daAuts
     D:1: 832 daAuts
     D:3: 819 daAuts
     D:6: 787 daAuts
    D:10: 780 daAuts
     D:2: 639 daAuts
    D:14: 459 daAuts
Gauntlet: 316 daAuts
